 Dungeon Crawl Stone Soup version 0.22.0-75-g3901e79 (webtiles) character file.

333 Markonkel the Chopper (level 6, -1/56 HPs)
             Began as a Hill Orc Berserker on Sept 12, 2018.
             Was a Priest of Trog.
             Slain by a gnoll
             ... wielding a +0 spear
              (3 damage)
             ... on level 4 of the Dungeon.
             The game lasted 00:33:52 (3774 turns).

Markonkel the Chopper (Hill Orc Berserker)          Turns: 3774, Time: 00:33:52

Health: -1/56      AC:  7    Str: 20    XL:     6   Next: 52%
Magic:  6/6        EV: 11    Int:  9    God:    Trog [***...]
Gold:   97         SH:  0    Dex: 10    Spells: 5/5 levels left

rFire    . . .     SeeInvis .   a - +0 hand axe
rCold    . . .     Gourm    .   (no shield)
rNeg     . . .     Faith    .   l - +0 ring mail
rPois    .         Spirit   .   w - +0 helmet
rElec    .         Reflect  .   (no cloak)
rCorr    .         Harm     .   (no gloves)
MR       .....                  (no boots)
Stlth    ..........             (no amulet)
HPRegen  0.18/turn              (no ring)
MPRegen  0.10/turn              (no ring)

@: berserk cooldown, slowed, very slow
A: no striking features
a: Berserk, Trog's Hand, Renounce Religion


You were on level 4 of the Dungeon.
You worshipped Trog.
Trog was most pleased with you.
You were full.

You visited 1 branch of the dungeon, and saw 4 of its levels.

You collected 97 gold pieces.

Inventory:

Hand Weapons
 a - a +0 hand axe (weapon)
 n - a cursed -2 flail
Missiles
 k - 122 stones (quivered)
 v - 20 poisoned needles
Armour
 b - a +0 animal skin
 l - a +0 ring mail (worn)
 p - a +0 helmet
 w - a +0 helmet (worn)
Wands
 o - a wand of polymorph (2)
Scrolls
 d - a scroll of amnesia {unknown}
 f - 5 scrolls of identify {unknown}
 h - 4 scrolls of teleportation {unknown}
 i - 3 scrolls of magic mapping {unknown}
 q - a scroll of fog {unknown}
 t - 5 scrolls of remove curse {unknown}
Potions
 e - a potion of cancellation {unknown}
 g - a potion of resistance {unknown}
 j - a potion of might
 m - a potion of magic {unknown}
 r - a potion of ambrosia {unknown}
 s - a potion of lignification {unknown}
Comestibles
 c - 9 rations
 u - 5 chunks of flesh {@w0}


   Skills:
 + Level 5.3 Fighting
 * Level 7.1 Axes
 + Level 3.9 Armour
 - Level 1.8 Dodging


You had 5 spell levels left.
You didn't know any spells.
Your spell library was empty.

Dungeon Overview and Level Annotations

Branches:
Dungeon (4/15)
 Temple: D:4-7

Altars:
Ashenzari


Message History

You regained 2 hp, and now have 13/56 hp.
Your skin stops crawling.
You feel less resistant to hostile enchantments.
The gnoll throws a throwing net.
The throwing net hits you.
You become entangled in the net!
The gnoll hits you but does no damage.
You see here a throwing net {=f}.
You struggle against the net.
The gnoll hits you from afar with a spear!
* * * LOW HITPOINT WARNING * * *
You take 8 damage, and have 7/56 hp.
You struggle against the net.
The gnoll hits you but does no damage. x2
The gnoll hits you from afar with a spear.
* * * LOW HITPOINT WARNING * * *
The gnoll hits you from afar with a spear.
* * * LOW HITPOINT WARNING * * *
You take 6 damage, and have 1/56 hp.
You struggle against the net.
The gnoll hits you but does no damage. x2
You rip the net and break free!
The gnoll hits you from afar with a spear.
You die...

#.#####.#########
#####.##............#
##........##.#.##.##.##
##......#####.#.##.#...###
#.....).#####.#.##.......#
#.............#.####...#.##
#.......###.g.....##......#
##.....## #.g......)...#.<#
### ##...##
#..g@...##......###.. ##.##
#.................... #.#
#.......##......###.. #)#
#.......##..#.#.# ### #.#
#.......##......# #g#
##########.##.#.# #..
#.##.#.# #.. . ..# #..# ##
#.


You could see 3 gnolls.

Vault maps used:
D:1:      dpeg_arrival_castle
D:2:      ashenzari_altar_1, uniq_natasha
D:3:      chequers_ecumenical_altar_simple
D:4:      first_ration

Notes
Turn   | Place    | Note
-------+----------+-------------------------------------------
     0 | D:1      | Markonkel the Hill Orc Berserker began the quest for the
                  | Orb.
     0 | D:1      | Reached XP level 1. HP: 19/19 MP: 1/1
   141 | D:1      | Reached XP level 2. HP: 24/27 MP: 2/2
   318 | D:1      | Reached skill level 4 in Fighting
   407 | D:1      | Reached XP level 3. HP: 25/33 MP: 3/3
  1107 | D:2      | Noticed Natasha
  1113 | D:2      | Reached ** piety under Trog
  1117 | D:2      | Killed Natasha
  1117 | D:2      | Reached skill level 5 in Axes
  1117 | D:2      | Reached XP level 4. HP: 24/41 MP: 4/4
  1301 | D:2      | Noticed Natasha
  1310 | D:2      | Killed Natasha
  1549 | D:2      | Found a shattered altar of Ashenzari.
  1564 | D:2      | Reached skill level 3 in Armour
  1565 | D:2      | Noticed Natasha
  1656 | D:2      | Killed Natasha
  1656 | D:2      | Reached XP level 5. HP: 47/47 MP: 5/5
  1796 | D:2      | Reached skill level 6 in Axes
  2961 | D:3      | Reached skill level 5 in Fighting
  3349 | D:3      | Identified a +0 hand axe
  3471 | D:3      | Found a faded altar of an unknown god.
  3513 | D:3      | Identified a +0 helmet (You found it on level 3 of the
                  | Dungeon)
  3581 | D:4      | Reached XP level 6. HP: 39/56 MP: 6/6
  3706 | D:4      | Reached *** piety under Trog
  3744 | D:4      | Reached skill level 7 in Axes
  3757 | D:4      | HP: 12/56 [gnoll/spear (7)]
  3758 | D:4      | HP: 5/56 [gnoll/spear (9)]
  3763 | D:4      | HP: 9/56 [gnoll/spear (1)]
  3771 | D:4      | HP: 7/56 [gnoll/spear (8)]
  3772 | D:4      | HP: 1/56 [gnoll/spear (5)]
  3774 | D:4      | Identified a +0 spear
  3774 | D:4      | Slain by a gnoll

Table legend:
 A = Turns spent in this place as a percentage of turns spent in the entire game.
 B = Non-inter-level travel turns spent in this place as a percentage of non-inter-level travel turns spent in the entire game.
 C = Inter-level travel turns spent in this place as a percentage of turns spent in this place.
 D = Turns resting spent in this place as a percentage of non-inter-level travel turns spent in this place.
 E = Turns spent auto-exploring this place as a percentage of non-inter-level travel turns spent in this place.
 F = Non-inter-level travel turns spent in this place divided by the number of levels of this place that you've seen.
                   A       B       C       D       E      F
               +-------+-------+-------+-------+-------+----------------------
         Total | 100.0 | 100.0 |   5.9 |  21.5 |  54.4 | 887.8
       Dungeon | 100.0 | 100.0 |   5.9 |  21.5 |  54.4 | 887.8
               +-------+-------+-------+-------+-------+----------------------

Table legend:
 A = Kills in this place as a percentage of kills in entire the game.
 B = Kills by you in this place as a percentage of kills by you in the entire game.
 C = Kills by friends in this place as a percentage of kills by friends in the entire game.
 D = Other kills in this place as a percentage of other kills in the entire game.
 E = Experience gained in this place as a percentage of experience gained in the entire game.
 F = Experience gained in this place divided by the number of levels of this place that you have seen.
                   A       B       C       D       E      F
               +-------+-------+-------+-------+-------+----------------------
         Total | 100.0 | 100.0 |   N/A |   N/A | 100.0 | 119.0
       Dungeon | 100.0 | 100.0 |   N/A |   N/A | 100.0 | 119.0
               +-------+-------+-------+-------+-------+----------------------

Skill      XL: |  1  2  3  4  5  6 |
---------------+-------------------+-----
Fighting       | 4 5 |  5.3
Axes           | 5 6 7 |  7.1
Armour         | 3 |  3.9
Dodging        | |  1.8

Action                   |  1- 3 |  4- 6 || total
-------------------------+-------+-------++-------
Melee: Hand axe          |    90 |   199 ||   289
       Unarmed           |       |     2 ||     2
Throw: Stone             |       |     5 ||     5
Invok: Berserk           |     2 |     3 ||     5
       Trog's Hand       |     1 |     1 ||     2
  Eat: Chunk             |     1 |    11 ||    12
       Ration            |       |     2 ||     2
Armor: Animal skin       |    15 |       ||    15
       Ring mail         |    10 |    73 ||    83
Dodge: Dodged            |    82 |   128 ||   210

Vanquished Creatures
  A crimson imp (D:4)
  A gnoll shaman (D:4)
  An orc priest (D:3)
  A centaur skeleton (D:4)
  Natasha (thrice) (D:2)
  3 adders
  2 gnolls (D:4)
  An ooze (D:1)
  A worm (D:2)
  A dart slug (D:3)
  2 leopard geckos (D:2)
  6 orcs
  9 bats
  2 giant cockroaches
  12 goblins
  3 hobgoblins
  7 jackals (D:1)
  11 kobolds
  8 frilled lizards
  7 rats
82 creatures vanquished.
